[Event "Titled Tuesday Blitz November 14 Early 2023"]
[White "Kononenko, Dmitry"]
[Black "Jahnz, Fabian"]
[WhiteFideId "14113538"]
[BlackFideId "4653300"]
[WhiteElo "2616"]
[BlackElo "2275"]
[Result "1-0"]
[Round "1"]
[TimeControl "180+1"]
[Date "2023.11.14"]
[WhiteClock "0:02:24"]
[BlackClock "0:01:19"]
[Board "188"]

1. e4 c6 2. d4 d5 3. e5 Bf5 4. Nc3 e6 5. g4 Bg6 6. Nge2 Be7 7. Nf4 Bg5 8. h4 Bxf4 9. Bxf4 h5 10. Bd3 Bxd3 11. Qxd3 hxg4 12. O-O-O Rxh4 13. Qg3 Rxh1 14. Rxh1 Nd7 15. Qxg4 Qe7 16. Qxg7 O-O-O 17. Bg5 f6 18. exf6 Qxg7 19. fxg7 Re8 20. Ne2 e5 21. Rh8 Kc7 22. dxe5 Nxe5 23. Bf4 Kd6 24. Nd4 c5 25. Nf3 1-0


[Site "https://www.chess.com"]

[Event "Titled Tuesday Blitz November 14 Early 2023"]
[White "AnnaChessLook"]
[Black "Gontcharov, Vladislav"]
[BlackFideId "4123492"]
[WhiteElo "2274"]
[BlackElo "2615"]
[Result "0-1"]
[Round "1"]
[TimeControl "180+1"]
[Date "2023.11.14"]
[WhiteClock "0:00:55"]
[BlackClock "0:01:22"]
[Board "189"]

1. d4 Nf6 2. c4 e6 3. Nf3 Bb4+ 4. Bd2 Be7 5. g3 O-O 6. Bg2 d5 7. O-O c6 8. Qc2 b6 9. Bf4 Bb7 10. Ne5 Nfd7 11. Nd2 Nxe5 12. Bxe5 Nd7 13. Bf4 Rc8 14. Rac1 Nf6 15. Rfd1 c5 16. dxc5 Bxc5 17. h3 Qe7 18. Qb3 Rfd8 19. Bg5 h6 20. Be3 d4 21. Bf4 Bxg2 22. Kxg2 e5 0-1


[Site "https://www.chess.com"]

[Event "Titled Tuesday Blitz November 14 Early 2023"]
[White "Goldin, Alexander"]
[Black "Senft, Sean"]
[WhiteFideId "2019540"]
[BlackFideId "2044960"]
[WhiteElo "2614"]
[BlackElo "2272"]
[Result "0-1"]
[Round "1"]
[TimeControl "180+1"]
[Date "2023.11.14"]
[WhiteClock "0:00:00"]
[BlackClock "0:00:33"]
[Board "190"]

1. d4 d5 2. Nf3 Nf6 3. c4 c6 4. Qc2 g6 5. Bf4 Bg7 6. e3 Bf5 7. Qb3 Qb6 8. Nc3 O-O 9. Be2 Nbd7 10. h3 dxc4 11. Bxc4 Ne4 12. Nh4 Qxb3 13. Bxb3 e5 14. Nxf5 gxf5 15. dxe5 Nxe5 16. Nxe4 Nd3+ 17. Ke2 fxe4 18. Bc2 Nxf4+ 19. exf4 f5 20. Rab1 Rad8 21. Rhd1 b6 22. g3 Kf7 23. Bb3+ Ke7 24. h4 Rxd1 25. Kxd1 Rd8+ 26. Kc2 Bd4 27. Rf1 c5 28. f3 e3 29. Re1 h5 30. Bc4 Kf6 31. Be2 Ra8 32. a3 a6 33. b3 b5 34. g4 fxg4 35. fxg4 hxg4 36. Bxg4 Rg8 37. Be2 Kf5 38. Kd3 Kxf4 39. Rf1+ Ke5 40. h5 Rh8 41. Rg1 Kd5 42. Rg5+ Kd6 43. Ke4 Re8+ 44. Kd3 Rf8 45. Rg6+ Kd5 46. h6 c4+ 47. bxc4+ bxc4+ 48. Kc2 Rf7 49. Rg5+ Ke4 50. Rh5 Rh7 51. Bxc4 Kf3 52. Bd3 e2 53. Rf5+ Ke3 54. Rf8 Re7 0-1


[Site "https://www.chess.com"]

[Event "Titled Tuesday Blitz November 14 Early 2023"]
[White "Cardozo Munar, Carlos Eduardo"]
[Black "JuniorJumper"]
[WhiteFideId "4409477"]
[WhiteElo "2268"]
[BlackElo "2608"]
[Result "1/2-1/2"]
[Round "1"]
[TimeControl "180+1"]
[Date "2023.11.14"]
[WhiteClock "0:00:25"]
[BlackClock "0:00:06"]
[Board "191"]

1. d4 d5 2. c3 Nf6 3. Bg5 e6 4. Nd2 Be7 5. g3 O-O 6. Bg2 h6 7. Bxf6 Bxf6 8. e4 c6 9. Ne2 e5 10. exd5 exd4 11. cxd4 cxd5 12. O-O Nc6 13. Nf4 Bxd4 14. Nxd5 Bxb2 15. Rb1 Bd4 16. Nb3 Be6 17. Nxd4 Bxd5 18. Bxd5 Qxd5 19. Nxc6 Qxc6 20. Qb3 b6 21. Rbc1 Qb7 22. a4 Qa6 23. Rc7 Qe2 24. Rd1 Qh5 25. Rdd7 Rad8 26. Rxa7 Rxd7 27. Rxd7 Qg4 28. Rd5 Re8 29. Rd1 Ra8 30. Rb1 Rxa4 31. Qxb6 Rd4 32. Re1 Re4 33. Rxe4 Qxe4 34. Qe3 Qxe3 35. fxe3 Kf8 36. Kf2 Ke7 37. Kf3 Ke6 38. e4 Ke5 39. Ke3 f6 40. g4 g6 41. h3 h5 42. gxh5 gxh5 43. h4 f5 44. exf5 Kxf5 45. Kf3 Ke5 46. Ke3 Kf5 47. Kf3 Kg6 48. Ke4 Kf6 49. Kf4 Kg6 50. Ke5 Kf7 51. Kf5 Kg7 52. Kg5 Kh7 53. Kxh5 Kg7 1/2-1/2


[Site "https://www.chess.com"]

[Event "Titled Tuesday Blitz November 14 Early 2023"]
[White "Ezat, Mohamed"]
[Black "disciplinedbrat"]
[WhiteFideId "10600906"]
[WhiteElo "2608"]
[BlackElo "2266"]
[Result "1-0"]
[Round "1"]
[TimeControl "180+1"]
[Date "2023.11.14"]
[WhiteClock "0:00:52"]
[BlackClock "0:00:19"]
[Board "192"]

1. d4 Nf6 2. c4 g6 3. Nc3 Bg7 4. e4 d6 5. Be2 O-O 6. Bg5 Nfd7 7. Qd2 Nc6 8. d5 Nd4 9. Nf3 Nxe2 10. Qxe2 h6 11. Bf4 a5 12. O-O Nc5 13. h3 e6 14. Rad1 exd5 15. cxd5 Re8 16. Qc2 Kh7 17. Rfe1 Qf6 18. Bg3 Bxh3 19. e5 dxe5 20. Nb5 Na6 21. Nxe5 Bf5 22. Qc4 Qb6 23. Nxf7 c6 24. Nbd6 Rxe1+ 25. Rxe1 cxd5 26. Qxd5 Nc7 27. Qd1 Be6 28. b3 Nd5 29. Rxe6 Nc3 30. Qg4 1-0


[Site "https://www.chess.com"]

[Event "Titled Tuesday Blitz November 14 Early 2023"]
[White "Zoete, Roelant"]
[Black "Wadsworth, Matthew J"]
[WhiteFideId "40103269"]
[BlackFideId "415804"]
[WhiteElo "2263"]
[BlackElo "2608"]
[Result "0-1"]
[Round "1"]
[TimeControl "180+1"]
[Date "2023.11.14"]
[WhiteClock "0:00:21"]
[BlackClock "0:01:13"]
[Board "193"]

1. c4 b6 2. Nc3 Bb7 3. d4 e6 4. e4 Bb4 5. f3 d5 6. e5 c5 7. a3 Qh4+ 8. g3 Bxc3+ 9. bxc3 Qe7 10. a4 Nc6 11. Ba3 f6 12. f4 fxe5 13. fxe5 O-O-O 14. Bg2 dxc4 15. Qe2 Na5 16. Nh3 Nh6 17. O-O Bxg2 18. Qxg2 Qb7 19. Qb2 Nb3 20. Rad1 cxd4 21. cxd4 Nf5 22. Qc3 Qc6 23. Bb2 Nfxd4 24. Rf4 Ne2+ 25. Kf2 Nxc3 0-1


[Site "https://www.chess.com"]

[Event "Titled Tuesday Blitz November 14 Early 2023"]
[White "GatoRojo150"]
[Black "alfianasybullina"]
[WhiteElo "2607"]
[BlackElo "2263"]
[Result "1-0"]
[Round "1"]
[TimeControl "180+1"]
[Date "2023.11.14"]
[WhiteClock "0:00:54"]
[BlackClock "0:00:05"]
[Board "194"]

1. e4 e6 2. d4 d5 3. Nc3 Bb4 4. e5 c5 5. a3 Bxc3+ 6. bxc3 Nc6 7. a4 Qa5 8. Nf3 cxd4 9. Bd3 Nge7 10. O-O dxc3 11. Ba3 Bd7 12. Re1 Ng6 13. Bd6 Rc8 14. h4 Nf4 15. Bb5 a6 16. Bf1 Ne7 17. Qd4 Nfg6 18. h5 Nf5 19. Qg4 Nf8 20. Bd3 g6 21. Bxf5 exf5 22. Qh4 Qd8 23. Qd4 Be6 24. Rab1 b5 25. axb5 axb5 26. Rxb5 Nd7 27. Rb7 Qa5 28. Qh4 Qd8 29. Qa4 Ra8 30. Qb4 Qa5 31. Qh4 Qd8 32. Qd4 Rc8 33. Reb1 Qa5 34. Qh4 Qd8 35. Qa4 Ra8 36. Qb3 Rc8 37. Nd4 Qa5 38. h6 Nc5 39. Re7+ Kd8 40. Qb6+ Qxb6 41. Rxb6 Nd7 42. Nc6+ Rxc6 43. Rxc6 Re8 44. Rxe8+ Kxe8 45. Rc8# 1-0


[Site "https://www.chess.com"]

[Event "Titled Tuesday Blitz November 14 Early 2023"]
[White "Rodriguez Santiago, Jaime"]
[Black "Souleidis, Georgios"]
[WhiteFideId "3100898"]
[BlackFideId "4206827"]
[WhiteElo "2262"]
[BlackElo "2606"]
[Result "0-1"]
[Round "1"]
[TimeControl "180+1"]
[Date "2023.11.14"]
[WhiteClock "0:00:18"]
[BlackClock "0:01:07"]
[Board "195"]

1. d4 Nf6 2. c4 g6 3. Nc3 Bg7 4. e4 d6 5. Be2 O-O 6. Bg5 Na6 7. Qd2 e5 8. d5 c6 9. h4 cxd5 10. Nxd5 Be6 11. h5 Bxd5 12. exd5 Nc5 13. f3 a5 14. Nh3 Qb6 15. Nf2 e4 16. Be3 exf3 17. Bxf3 Rfe8 18. O-O Nfd7 19. h6 Bh8 20. Bd4 Ne5 21. Ne4 Nxf3+ 22. gxf3 Nxe4 23. Bxb6 Nxd2 0-1


[Site "https://www.chess.com"]

[Event "Titled Tuesday Blitz November 14 Early 2023"]
[White "Borsuk, Konstantin"]
[Black "Quirke, Jeffrey"]
[WhiteFideId "14113406"]
[BlackFideId "2013029"]
[WhiteElo "2602"]
[BlackElo "2258"]
[Result "1-0"]
[Round "1"]
[TimeControl "180+1"]
[Date "2023.11.14"]
[WhiteClock "0:00:40"]
[BlackClock "0:00:07"]
[Board "196"]

1. d4 Nf6 2. c4 g6 3. f3 Bg7 4. e4 d6 5. Nc3 O-O 6. Be3 c6 7. Qd2 Nbd7 8. Nge2 a6 9. a3 b5 10. c5 Bb7 11. b4 a5 12. Rb1 axb4 13. axb4 e5 14. cxd6 exd4 15. Nxd4 Ne5 16. Nb3 Ne8 17. Bc5 Qh4+ 18. Bf2 Qf6 19. f4 Nf3+ 20. gxf3 Qxc3 21. e5 Qxd2+ 22. Kxd2 f6 23. Nc5 Rb8 24. Nd7 fxe5 25. fxe5 1-0


[Site "https://www.chess.com"]

[Event "Titled Tuesday Blitz November 14 Early 2023"]
[White "Dodaro, Mattia"]
[Black "Karamsetty, Jeevan"]
[WhiteFideId "28583400"]
[BlackFideId "2025337"]
[WhiteElo "2253"]
[BlackElo "2602"]
[Result "0-1"]
[Round "1"]
[TimeControl "180+1"]
[Date "2023.11.14"]
[WhiteClock "0:00:00"]
[BlackClock "0:00:15"]
[Board "197"]

1. d4 g6 2. h4 Nf6 3. Nc3 d5 4. Bf4 a6 5. e3 Bg7 6. Be2 Nc6 7. h5 gxh5 8. Bxh5 Nxh5 9. Qxh5 Be6 10. O-O-O Qd7 11. Nf3 O-O-O 12. Na4 Bg4 13. Qh4 Bf6 14. Qg3 Bxf3 15. Qxf3 Nb4 16. Nc5 Qb5 17. a3 Na2+ 18. Kd2 Qxb2 19. Rb1 Qc3+ 20. Kd1 Bxd4 21. exd4 Qxd4+ 22. Nd3 Nc3+ 23. Kd2 Nxb1+ 24. Rxb1 Rhg8 25. Be5 Qa4 26. Nc5 Qa5+ 27. Qc3 Qxc3+ 28. Kxc3 b6 29. Nxa6 Rd7 30. Bg3 f6 31. a4 e5 32. a5 Kb7 33. Nb4 d4+ 34. Kc4 c6 35. axb6 Kxb6 36. Nd3+ Kc7 37. Nc5 Re7 38. Rb7+ Kd6 39. Ne4+ Ke6 40. Nc5+ Kf7 41. Rb6 Rc8 42. Ne4 Rd7 43. Kc5 Rd5+ 44. Kc4 Rd7 45. Bh4 f5 46. Ng5+ Kg6 47. Nf3 Kh5 48. Bg3 f4 49. Nxe5 fxg3 50. Nxd7 gxf2 51. Rb1 Kg4 52. Ne5+ Kg3 53. Nd3 Kxg2 54. Nxf2 Kxf2 55. Kxd4 Ke2 56. c4 c5+ 57. Kd5 Kd3 58. Rd1+ Kc3 59. Rc1+ Kb4 60. Rb1+ Kc3 61. Rc1+ Kd2 62. Rh1 Kc3 63. Rh3+ Kb4 64. Rxh7 Rd8+ 65. Ke4 Kxc4 66. Rh2 Rd1 67. Re2 Kc3 68. Ke3 c4 69. Ra2 Rd3+ 70. Ke2 Rd5 71. Ra3+ Kb2 72. Ra4 c3 73. Rb4+ Kc1 74. Rc4 c2 75. Ke1 Rd7 76. Ke2 Kb2 77. Rb4+ Kc3 78. Rb6 c1=Q 79. Rc6+ Kb2 80. Rxc1 Kxc1 0-1


[Site "https://www.chess.com"]

[Event "Titled Tuesday Blitz November 14 Early 2023"]
[White "Aaditya Dhingra"]
[Black "Witty_Alien"]
[WhiteFideId "25678191"]
[WhiteElo "2600"]
[BlackElo "2251"]
[Result "1-0"]
[Round "1"]
[TimeControl "180+1"]
[Date "2023.11.14"]
[WhiteClock "0:00:23"]
[BlackClock "0:00:00"]
[Board "198"]

1. d4 e5 2. dxe5 d6 3. Nf3 Nc6 4. Bg5 Qd7 5. exd6 Bxd6 6. Nc3 Qf5 7. e4 Qa5 8. Qd5 Qb6 9. Qb5 Be6 10. Be3 Qxb5 11. Nxb5 O-O-O 12. Nxd6+ Rxd6 13. Bc5 Rd8 14. Ng5 Nf6 15. Nxe6 fxe6 16. f3 b6 17. Ba6+ Kb8 18. Ba3 h5 19. c3 h4 20. Ke2 Nh5 21. Rhd1 Nf4+ 22. Kf1 Ne5 23. Be7 Rxd1+ 24. Rxd1 h3 25. gxh3 Nxf3 26. Rd8+ Rxd8 27. Bxd8 e5 28. Be7 Nd2+ 29. Kf2 Nxe4+ 30. Ke3 Nd6 31. Bf8 Nxh3 32. Kf3 Ng5+ 33. Kg4 Ne6 34. Bxd6 cxd6 35. Kf5 Nc5 36. Bc4 Kc7 37. h4 Kc6 38. h5 d5 39. Bf1 Kd6 40. Kg6 Ne6 41. Ba6 e4 42. Kf5 Nc5 43. Be2 Nd3 44. Bf1 Nxb2 45. Kg6 Nd3 46. Kxg7 Ne5 47. h6 Nd7 48. h7 Ne5 49. h8=Q 1-0


[Site "https://www.chess.com"]

[Event "Titled Tuesday Blitz November 14 Early 2023"]
[White "Sarkar, Justin"]
[Black "Sydoryka, Vladyslav"]
[WhiteFideId "2010011"]
[BlackFideId "14145928"]
[WhiteElo "2250"]
[BlackElo "2599"]
[Result "0-1"]
[Round "1"]
[TimeControl "180+1"]
[Date "2023.11.14"]
[WhiteClock "0:00:00"]
[BlackClock "0:02:11"]
[Board "199"]

1. e4 c6 2. d4 d5 3. e5 c5 4. dxc5 e6 5. a3 Bxc5 6. b4 Be7 7. Nf3 a5 8. b5 f6 9. Bb2 Nd7 10. Bd3 Nh6 11. O-O Nf7 12. exf6 Bxf6 13. Bxf6 Qxf6 14. Nbd2 e5 15. Re1 O-O 16. c4 e4 17. Nxe4 dxe4 18. Bxe4 Nc5 19. Bd5 Be6 0-1


[Site "https://www.chess.com"]

[Event "Titled Tuesday Blitz November 14 Early 2023"]
[White "Belov, Alexei"]
[Black "crosky"]
[WhiteFideId "4128206"]
[WhiteElo "2596"]
[BlackElo "2249"]
[Result "1-0"]
[Round "1"]
[TimeControl "180+1"]
[Date "2023.11.14"]
[WhiteClock "0:01:26"]
[BlackClock "0:00:30"]
[Board "200"]

1. e4 Nc6 2. Nf3 d6 3. d4 g6 4. c3 Bg7 5. Bc4 Nf6 6. Nbd2 e5 7. O-O O-O 8. Re1 Re8 9. dxe5 dxe5 10. Qe2 Bg4 11. h3 Be6 12. a4 a5 13. Bxe6 Rxe6 14. Nc4 Nh5 15. Bg5 f6 16. Be3 b6 17. Rad1 Qe7 18. Qc2 Rd8 19. Qb3 Kh8 20. Qb5 Nf4 21. Kh2 h5 22. g3 Nd3 23. Re2 Na7 24. Qa6 Nb4 25. Rxd8+ 1-0


[Site "https://www.chess.com"]

[Event "Titled Tuesday Blitz November 14 Early 2023"]
[White "Liu, Leonardo"]
[Black "Skatchkov, Valery"]
[WhiteFideId "30965780"]
[BlackFideId "24195812"]
[WhiteElo "2244"]
[BlackElo "2595"]
[Result "0-1"]
[Round "1"]
[TimeControl "180+1"]
[Date "2023.11.14"]
[WhiteClock "0:01:14"]
[BlackClock "0:01:32"]
[Board "201"]

1. e4 e5 2. Nf3 d6 3. Bc4 Nf6 4. d3 Be7 5. c3 O-O 6. Bb3 Nbd7 7. Nbd2 c6 8. O-O a5 9. Re1 Qc7 10. Nf1 b5 11. Ng3 Re8 12. a4 Nc5 13. Bc2 bxa4 14. d4 Nb3 15. Bxb3 axb3 16. Qxb3 Be6 17. Qc2 Reb8 18. Nf5 Bf8 19. dxe5 dxe5 20. Bg5 Nd7 21. Rad1 Bb3 22. Qd2 Bxd1 23. Rxd1 Nc5 24. Be3 Nxe4 25. Qc2 Nf6 26. Bg5 Nd5 27. Re1 Re8 28. c4 Nf4 29. g3 Ne6 30. Rxe5 Nxg5 31. Nxg5 g6 32. Rxe8 Rxe8 33. Ne3 Bc5 34. Ne4 Bd4 35. Ng4 Kg7 36. Kg2 f5 37. Qd3 c5 38. Ng5 Qc6+ 39. f3 fxg4 0-1


[Site "https://www.chess.com"]

[Event "Titled Tuesday Blitz November 14 Early 2023"]
[White "Akylbek2021"]
[Black "Tasev, Dejan"]
[BlackFideId "936618"]
[WhiteElo "2241"]
[BlackElo "2591"]
[Result "0-1"]
[Round "1"]
[TimeControl "180+1"]
[Date "2023.11.14"]
[WhiteClock "0:00:02"]
[BlackClock "0:00:18"]
[Board "203"]

1. e4 c6 2. d4 d5 3. e5 Bf5 4. g4 Bg6 5. h4 h6 6. e6 Qd6 7. exf7+ Kxf7 8. Bd3 Bxd3 9. Qxd3 Nd7 10. h5 Ngf6 11. Qg6+ Kg8 12. Ne2 e5 13. Nd2 exd4 14. Nf3 Re8 15. Nxd4 Ne5 16. Qf5 Qd7 17. Bf4 Qxf5 18. gxf5 Ned7 19. O-O-O Kf7 20. Rhg1 Rg8 21. Ng3 Bc5 22. c3 Bxd4 23. cxd4 Ne4 24. f3 Nxg3 25. Rxg3 Nf6 26. Rh1 Re2 27. Rgg1 Rge8 28. Bd2 Rf2 29. Rg3 Ree2 30. Rd1 Nxh5 31. Rg6 Nf6 32. Rgg1 h5 33. b3 Rxf3 34. a4 Rxf5 35. Kc2 Ne4 36. Kd3 Rh2 37. Bg5 Nf2+ 38. Kc3 Nxd1+ 39. Rxd1 Rxg5 40. Rf1+ Kg6 0-1


[Site "https://www.chess.com"]

[Event "Titled Tuesday Blitz November 14 Early 2023"]
[White "aghasiyevkamal"]
[Black "ilya2700"]
[WhiteElo "2591"]
[BlackElo "2240"]
[Result "0-1"]
[Round "1"]
[TimeControl "180+1"]
[Date "2023.11.14"]
[WhiteClock "0:01:45"]
[BlackClock "0:01:20"]
[Board "204"]

1. e4 c5 2. Nf3 e6 3. g3 d5 4. exd5 exd5 5. d4 Nc6 6. Bg2 Bd6 7. O-O Nf6 8. Nc3 Be6 9. Bg5 O-O 10. h3 Rc8 11. Re1 h6 12. Be3 b6 13. Qe2 Qd7 14. g4 Rfe8 15. Rad1 cxd4 16. Nxd4 Nxd4 17. Rxd4 Bc5 18. Rdd1 d4 19. Nb5 dxe3 20. Rxd7 exf2+ 21. Kh2 Bxd7 0-1


[Site "https://www.chess.com"]

[Event "Titled Tuesday Blitz November 14 Early 2023"]
[White "Kuchava, Ana"]
[Black "borocotoajua"]
[WhiteFideId "13605348"]
[WhiteElo "2239"]
[BlackElo "2591"]
[Result "0-1"]
[Round "1"]
[TimeControl "180+1"]
[Date "2023.11.14"]
[WhiteClock "0:00:06"]
[BlackClock "0:00:12"]
[Board "205"]

1. d4 Nf6 2. Nf3 g6 3. c4 d5 4. Nc3 Bg7 5. Bg5 O-O 6. Bxf6 Bxf6 7. Nxd5 Bg7 8. e3 c5 9. Be2 cxd4 10. Nxd4 e6 11. Nc3 Qb6 12. Nb3 Rd8 13. Qc2 a5 14. O-O a4 15. Nd2 a3 16. bxa3 Rxa3 17. Nb3 Nc6 18. Nb5 Ra8 19. Rad1 Nb4 20. Rxd8+ Qxd8 21. Qd1 Bd7 22. Nc5 Bxb5 23. cxb5 Qc7 24. Ne4 Nxa2 25. Qb3 Qa5 26. h3 Nb4 27. Rd1 Nd5 28. Nd6 Qb6 29. Nc4 Qc5 30. e4 Nc3 31. Re1 Ra2 32. Bf3 Qxf2+ 33. Kh1 Qxe1+ 34. Kh2 Ne2 35. Nd6 Qg1# 0-1


[Site "https://www.chess.com"]

[Event "Titled Tuesday Blitz November 14 Early 2023"]
[White "Manukyan, Sargis A."]
[Black "Silvestre, Christian"]
[WhiteFideId "13303970"]
[BlackFideId "30956269"]
[WhiteElo "2588"]
[BlackElo "2237"]
[Result "1-0"]
[Round "1"]
[TimeControl "180+1"]
[Date "2023.11.14"]
[WhiteClock "0:02:17"]
[BlackClock "0:01:20"]
[Board "206"]

1. d4 Nf6 2. c4 e6 3. Nc3 d5 4. Nf3 b6 5. Bg5 Bb7 6. e3 dxc4 7. Bxc4 Be7 8. O-O O-O 9. Rc1 c5 10. Qe2 cxd4 11. Nxd4 Ne4 12. Bxe7 Qxe7 13. Nxe4 Bxe4 14. Bd3 Bb7 15. Rfd1 Nd7 16. Rc7 Rab8 17. Bb5 Rfd8 18. Nc6 1-0


[Site "https://www.chess.com"]

[Event "Titled Tuesday Blitz November 14 Early 2023"]
[White "Limontaite, Simona"]
[Black "Vlassov, Nikolai"]
[WhiteFideId "12802506"]
[BlackFideId "4103360"]
[WhiteElo "2237"]
[BlackElo "2588"]
[Result "1/2-1/2"]
[Round "1"]
[TimeControl "180+1"]
[Date "2023.11.14"]
[WhiteClock "0:00:07"]
[BlackClock "0:00:04"]
[Board "207"]

1. d4 Nf6 2. c4 Nc6 3. Nf3 e6 4. g3 Bb4+ 5. Nbd2 d6 6. Bg2 e5 7. d5 Bxd2+ 8. Bxd2 Ne7 9. O-O O-O 10. b4 c6 11. dxc6 bxc6 12. Bc3 Rb8 13. Nd2 Be6 14. a3 Qc7 15. Rc1 Rfc8 16. h3 d5 17. cxd5 cxd5 18. Bb2 Qd6 19. Nb3 Rxc1 20. Qxc1 d4 21. Nc5 Bd5 22. e4 Bc6 23. f4 a5 24. Qd2 axb4 25. axb4 Rd8 26. Rd1 exf4 27. gxf4 Nh5 28. Qxd4 Qxd4+ 29. Rxd4 Rxd4 30. Bxd4 Nxf4 31. Bf1 Ne6 32. Nxe6 fxe6 33. b5 Bxe4 34. Bg2 Bxg2 35. Kxg2 Nf5 36. Bf2 Kf7 37. Kf3 e5 38. Bc5 Ke6 39. b6 Kd7 40. Ke4 Nh4 41. Kxe5 Kc6 42. Bf2 Nf3+ 43. Kf4 Nd2 44. Bd4 g6 45. h4 h6 46. Kg4 Ne4 47. Be3 h5+ 48. Kf4 Nd6 49. Kg5 Nc4 50. Bf2 Ne5 51. Bd4 Nf3+ 52. Kxg6 Nxd4 53. Kxh5 Nf3 54. Kg4 Nxh4 55. Kxh4 Kxb6 1/2-1/2


[Site "https://www.chess.com"]

[Event "Titled Tuesday Blitz November 14 Early 2023"]
[White "Tikhonov, Viacheslav"]
[Black "Cueto, Jonny"]
[WhiteFideId "44196407"]
[BlackFideId "3300145"]
[WhiteElo "2587"]
[BlackElo "2235"]
[Result "1-0"]
[Round "1"]
[TimeControl "180+1"]
[Date "2023.11.14"]
[WhiteClock "0:00:08"]
[BlackClock "0:00:06"]
[Board "208"]

1. e4 e6 2. d4 d5 3. Nc3 Nf6 4. Bg5 Be7 5. e5 Nfd7 6. Bxe7 Qxe7 7. f4 a6 8. Nf3 c5 9. Qd2 Nc6 10. dxc5 Nxc5 11. O-O-O b5 12. Bd3 b4 13. Ne2 a5 14. Ned4 Bd7 15. Nxc6 Bxc6 16. Nd4 Rc8 17. Kb1 Nxd3 18. cxd3 g6 19. Rc1 Qb7 20. h4 h5 21. Rc5 Bd7 22. Rxc8+ Qxc8 23. Qc2 O-O 24. Qxc8 Rxc8 25. Rc1 Rb8 26. Rc7 Bb5 27. Kc2 a4 28. g3 b3+ 29. axb3 axb3+ 30. Kc3 Ba4 31. Ra7 Rc8+ 32. Kb4 Be8 33. Kxb3 Rc1 34. Ra8 Kf8 35. Nb5 Ke7 36. Ra7+ Bd7 37. Nd6 Rg1 38. Nc8+ Kd8 39. Nb6 Bc6 40. Rxf7 Rxg3 41. Kc2 Rg2+ 42. Kc3 Rg4 43. Rf6 Kc7 44. Rxe6 Kxb6 45. b4 Rxf4 46. Rxg6 Rxh4 47. e6 Kc7 48. e7 Be8 49. Rg8 Kd7 50. b5 Kxe7 51. b6 Bc6 52. b7 Bxb7 53. Rg7+ Kd6 54. Rxb7 Rh1 55. Rh7 h4 56. Kd4 Rh3 57. Rh6+ Kd7 58. Rh7+ Kd6 59. Rh6+ Kd7 60. Rh7+ Kd8 61. Rg7 Ke8 62. Rg5 Rg3 63. Rxd5 Rg4+ 64. Kc5 Rg6 65. Rh5 Rg3 66. d4 h3 67. Kd6 Rg6+ 68. Kc5 Rg3 69. d5 Rc3+ 70. Kd6 Rg3 71. Rh8+ Kf7 72. Kd7 Rd3 73. d6 Ra3 74. Kc6 Ra6+ 75. Kc5 Ra5+ 76. Kb6 Ra3 77. d7 Rb3+ 78. Kc5 Rc3+ 79. Kb4 Rd3 80. d8=Q Rxd8 81. Rxd8 h2 82. Rh8 Kg6 83. Rxh2 Kg5 84. Rf2 Kg4 85. Kc4 1-0


[Site "https://www.chess.com"]

[Event "Titled Tuesday Blitz November 14 Early 2023"]
[White "Bommini Mounika Akshaya"]
[Black "Sharapov, Evgeny"]
[WhiteFideId "25019872"]
[BlackFideId "14103133"]
[WhiteElo "2226"]
[BlackElo "2585"]
[Result "1-0"]
[Round "1"]
[TimeControl "180+1"]
[Date "2023.11.14"]
[WhiteClock "0:00:18"]
[BlackClock "0:01:25"]
[Board "209"]

1. e4 c5 2. c3 Nf6 3. e5 Nd5 4. Nf3 Nc6 5. Bc4 Nb6 6. Bb3 d5 7. d4 cxd4 8. cxd4 Bg4 9. Nc3 e6 10. h3 Bh5 11. Bc2 Bg6 12. O-O Be7 13. a3 O-O 14. b3 Rc8 15. Bd2 a6 16. Bxg6 hxg6 17. Qe2 Qd7 18. Rfe1 Na7 19. a4 Nc6 20. a5 Na8 21. Na4 Na7 22. Rec1 Qb5 23. Qxb5 Nxb5 24. b4 Rfd8 25. Kf1 Kf8 26. Ke2 Ke8 27. Ke3 Kd7 28. Ne1 Rxc1 29. Rxc1 Rc8 30. Nd3 Rxc1 31. Bxc1 Kc6 32. f4 Nac7 33. g4 f5 34. exf6 gxf6 35. h4 Nd6 36. Nac5 Nf7 37. Kf3 f5 38. g5 Bd6 39. Ne5+ Bxe5 40. fxe5 Nh8 41. Nd3 Nb5 42. Ke3 Nf7 43. Nf4 Nh8 44. Nxe6 Kd7 45. Nf4 Ke7 46. Nxd5+ Ke6 47. Nf4+ Kd7 48. d5 Nc7 49. Bb2 Ke8 50. e6 1-0


[Site "https://www.chess.com"]

[Event "Titled Tuesday Blitz November 14 Early 2023"]
[White "Sousa, Andre Ventura"]
[Black "Skibbe, Willi"]
[WhiteFideId "1917617"]
[BlackFideId "4682190"]
[WhiteElo "2579"]
[BlackElo "2220"]
[Result "1-0"]
[Round "1"]
[TimeControl "180+1"]
[Date "2023.11.14"]
[WhiteClock "0:02:05"]
[BlackClock "0:00:38"]
[Board "210"]

1. e4 e6 2. d4 d5 3. e5 c5 4. c3 Nc6 5. Nf3 Qb6 6. Bd3 cxd4 7. O-O Bd7 8. Re1 dxc3 9. Nxc3 a6 10. Be3 Qc7 11. Rc1 Nge7 12. h4 Ng6 13. h5 Ngxe5 14. Nxd5 exd5 15. Nxe5 Be6 16. Nxc6 bxc6 17. Qa4 Be7 18. Rxc6 Qd7 19. Rxa6 Rxa6 20. Qxa6 O-O 21. h6 d4 22. hxg7 Kxg7 23. Bf4 Bf6 24. Qa5 Rc8 25. Qh5 Qd5 26. Qh6+ 1-0


[Site "https://www.chess.com"]

[Event "Titled Tuesday Blitz November 14 Early 2023"]
[White "Vila Dupla, Aurelio"]
[Black "Jaskolka, Tomasz"]
[WhiteFideId "2203383"]
[BlackFideId "1170791"]
[WhiteElo "2215"]
[BlackElo "2578"]
[Result "0-1"]
[Round "1"]
[TimeControl "180+1"]
[Date "2023.11.14"]
[WhiteClock "0:00:02"]
[BlackClock "0:00:10"]
[Board "211"]

1. Nf3 d5 2. d4 Nf6 3. c4 c6 4. cxd5 cxd5 5. Nc3 Nc6 6. Bf4 a6 7. e3 e6 8. Bd3 Be7 9. O-O Nh5 10. Bg3 Nxg3 11. hxg3 O-O 12. Rc1 Bd7 13. Bb1 Rc8 14. Qd3 g6 15. Qd2 Qa5 16. a3 Bd6 17. Rfd1 b5 18. e4 dxe4 19. Nxe4 Qxd2 20. Rxd2 Be7 21. Ne5 Nxe5 22. Rxc8 Nf3+ 23. gxf3 Rxc8 24. Nc5 Bxc5 25. dxc5 Rxc5 26. Bxg6 hxg6 27. Rxd7 Rc2 28. Ra7 Rc6 29. Kg2 Kg7 30. f4 Kf6 31. Kf3 Rb6 32. g4 Kg7 33. g5 Rc6 34. Ra8 Rc2 35. Rxa6 Rxb2 36. Rb6 Kf8 37. a4 Rb3+ 38. Kg4 bxa4 39. Ra6 Ra3 40. Ra7 Ra1 41. Kg3 a3 42. Kg2 Ke8 43. Kh2 a2 44. Kg2 Kd8 45. Ra8+ Kc7 46. Ra7+ Kb6 47. Ra8 Kc5 48. Kf3 Kd4 49. Rd8+ Kc3 50. Rc8+ Kd2 51. Rd8+ Ke1 52. Ra8 Kf1 53. Ra7 Kg1 54. Kg3 Kh1 55. Ra6 Kg1 56. Ra7 Kf1 57. Ra6 Ke2 58. Ra7 Rg1+ 0-1


[Site "https://www.chess.com"]

[Event "Titled Tuesday Blitz November 14 Early 2023"]
[White "Demin, Vladimir"]
[Black "Valy02chess"]
[WhiteFideId "4167457"]
[WhiteElo "2576"]
[BlackElo "2206"]
[Result "1-0"]
[Round "1"]
[TimeControl "180+1"]
[Date "2023.11.14"]
[WhiteClock "0:00:07"]
[BlackClock "0:00:00"]
[Board "212"]

1. d4 d5 2. Nc3 Nf6 3. Bf4 Bf5 4. e3 e6 5. f3 Bb4 6. g4 Bg6 7. h4 h5 8. g5 Nfd7 9. Bd3 Bxd3 10. Qxd3 c5 11. g6 f6 12. Ne2 Nc6 13. O-O-O c4 14. Qd2 b5 15. e4 Qa5 16. Kb1 O-O 17. Bg3 Rfd8 18. exd5 exd5 19. Qf4 Nf8 20. Qf5 Ne7 21. Qxh5 Nexg6 22. Nxd5 Bd6 23. Bxd6 Rxd6 24. Ndc3 Rad8 25. Qxb5 Qc7 26. h5 Rb6 27. Qc5 Rc6 28. Qa3 Ne7 29. d5 Rb6 30. h6 g6 31. Rh4 Rdb8 32. b3 cxb3 33. axb3 Nf5 34. Ra4 Ne3 35. Rd3 Nc4 36. Qc1 Nd7 37. Ne4 Nde5 38. Rc3 Qb7 39. d6 f5 40. h7+ Kh8 41. Nc5 Qd5 42. Nd3 Nxd3 43. Rxd3 Qb5 44. Ka1 Ra6 45. Rxa6 Qxa6+ 46. Kb1 Na3+ 47. Kb2 Nc4+ 48. Kc3 Qa5+ 49. Kxc4 Rb4+ 50. Kc3 Rb8+ 51. Kb2 Qe5+ 52. Nc3 1-0


[Site "https://www.chess.com"]